 Dungeon Crawl Stone Soup version 0.13.0-6-g40e4d2d (webtiles) character file.

147 Piginabag the Grave Robber (level 3, -10/24 HPs)
             Began as a Mummy Necromancer on Oct 15, 2013.
             Killed from afar by Sigmund (11 damage)
             ... with a magic dart
             ... on Level 2 of the Dungeon.
             The game lasted 00:10:01 (2670 turns).

Piginabag the Grave Robber (Mummy Necromancer)      Turns: 2670, Time: 00:10:01

HP -10/24        AC  2     Str 11      XL: 3   Next: 55%
MP   6/6         EV 12     Int 15      God:
Gold 97          SH  0     Dex 12      Spells:  2 memorised,  3 levels left

Res.Fire  : x . .   See Invis. : .   g - +0 spear
Res.Cold  : + . .   Warding    : .   a - +0 robe
Life Prot.: + + +   Conserve   : .   (no shield)
Res.Poison: +       Res.Corr.  : .   (no helmet)
Res.Elec. : .       Clarity    : .   (no cloak)
Sust.Abil.: . .     Spirit.Shd : .   (no gloves)
Res.Mut.  : .       Stasis     : .   (no boots)
Res.Rott. : +       Flight     : .   (no amulet)
Saprovore : . . .                    (no ring)
                                     (no ring)

@: slightly resistant to hostile enchantments, fairly stealthy
A: no food or potions, fire vulnerability, restore body, cold resistance 1, life
protection 3, poison resistance, torment resistance, unbreathing
a: no special abilities


You were on level 2 of the Dungeon.
You were not hungry.

You visited 1 branch of the dungeon, and saw 2 of its levels.

You collected 77 gold pieces.

Inventory:

Hand weapons
 g - a +0,+0 spear (weapon)
Armour
 a - a +0 robe (worn)
Scrolls
 c - 3 scrolls of remove curse {unknown}
 d - a scroll of teleportation {unknown}
 e - 3 scrolls of identify {unknown}
 f - a scroll of amnesia {unknown}
 h - a scroll of noise {unknown}
 i - a scroll of enchant weapon II {unknown}
Books
 b - a book of Necromancy

   Spells                             Type                      Level
   *Pain                              Necromancy                   1
   *Animate Skeleton                  Necromancy                   1
   Lethal Infusion                    Charms/Necromancy            2
   Vampiric Draining                  Necromancy                   3
   Regeneration                       Charms/Necromancy            3
   Animate Dead                       Necromancy                   4
   Control Undead                     Necromancy                   4


   Skills:
 + Level 0.1 Polearms
 + Level 1.9 Dodging
 + Level 1.7 Stealth
 + Level 1.8 Spellcasting
 + Level 4.6 Necromancy


You had 3 spell levels left.
You knew the following spells:

 Your Spells              Type           Power        Failure   Level  Hunger
a - Pain                  Necr           ###.         3%          1    N/A
b - Animate Skeleton      Necr           N/A          3%          1    N/A

Dungeon Overview and Level Annotations

Branches:
Dungeon (2/27)

Altars:

Annotations:
D:2 Sigmund


Innate Abilities, Weirdness & Mutations

You do not eat or drink.
Your flesh is vulnerable to fire.
Your flesh is cold resistant.
You are immune to negative energy.
Your system is resistant to poisons.
You are immune to unholy pain and torment.
You can survive without breathing.


Message History

Your adder skeleton bites Sigmund.
Something barely misses Sigmund.
Sigmund gestures at you while chanting. The puff of flame hits you!
The fire burns you terribly!
There is an escape hatch in the floor here.
You see here a chunk of adder flesh.
Your adder skeleton misses Sigmund.
A rat comes into view.
Your adder skeleton barely misses Sigmund.
Sigmund gestures at you while chanting. The puff of flame hits you!
The fire burns you terribly!
* * * LOW HITPOINT WARNING * * *
Your adder skeleton bites Sigmund.
Sigmund gestures at you while chanting. The puff of flame hits you!
The fire burns you terribly!
* * * LOW HITPOINT WARNING * * *
Sigmund says, "Now you see me, now you don't..."
Sigmund points at you and mumbles some strange words.
The magic dart hits you!
You die...

#..#.###.#.## #.# #.#
#.....##.#.####.####z#
#......)...........@.#
#.#...##%#%####@######
#.#...##.#...##.#
##...#....###z##.#
##.....#### #.##.#
....#.## #z##.#
###.#.# #.##@# #
....#######(##.#
##.#.............#
##...#############
###.## ###.# ....#
###.# #


You could see Sigmund.

Vanquished Creatures
  2 adders (D:2)
  A giant gecko (D:1)
  A ball python (D:1)
  4 bats (D:1)
  3 giant cockroaches
  2 hobgoblins (D:1)
  2 giant newts
  5 goblins
  5 kobolds
  6 rats
31 creatures vanquished.

Vanquished Creatures (collateral kills)
  A giant gecko (D:2)
  2 bats (D:1)
  A hobgoblin (D:1)
  A giant newt (D:1)
  A rat (D:1)
6 creatures vanquished.

Vanquished Creatures (others)
  An adder skeleton (D:2)
  A bat skeleton (D:1)
  A giant gecko skeleton (D:2)
  A giant newt skeleton (D:1)
  4 goblin skeletons
  3 rat skeletons
11 creatures vanquished.

Grand Total: 48 creatures vanquished

Notes
Turn   | Place    | Note
--------------------------------------------------------------
     0 | D:1      | Piginabag, the Mummy Necromancer, began the quest for the Orb.
     0 | D:1      | Reached XP level 1. HP: 13/13 MP: 3/3
    19 | D:1      | Learned a level 1 spell: Animate Skeleton
   451 | D:1      | Reached XP level 2. HP: 14/19 MP: 1/4
  1946 | D:2      | Reached XP level 3. HP: 20/24 MP: 6/6
  2615 | D:2      | Noticed Sigmund
  2665 | D:2      | HP: 1/24 [Sigmund/puff of flame (6)]
  2670 | D:2      | Killed from afar by Sigmund

Action                   || total
-------------------------++-------
Melee: Unarmed           ||    58
       Spear             ||    44
 Cast: Pain              ||    26
       Animate Skeleton  ||    17
 Stab: Distracted        ||     1
       Sleeping          ||     1
